 Dungeon Crawl Stone Soup version 0.32-a0-732-ga344392067 (webtiles) character file.

Game seed: 9522627952794146845

3606 Dordric the Carver (level 10, -8/103 (105) HPs)
             Began as a Coglin Berserker on Mar 16, 2024.
             Was a Priest of Trog.
             Mangled by a wight
             ... wielding a +0 halberd
              (15 damage)
             ... on level 8 of the Dungeon.
             The game lasted 00:10:36 (6910 turns).

Dordric the Carver (Coglin Berserker)               Turns: 6910, Time: 00:10:36

HP:   -8/103 (105)  AC: 10    Str: 18    XL:     10   Next: 11%
MP:   10/10         EV:  9    Int:  5    God:    Trog [***...]
Gold: 172           SH:  0    Dex: 17    Spells: 9/9 levels left

rFire   + . .        C - +2 falchion {Paser}
rCold   + . .        p - +1 short sword (speed) {Hilda}
rNeg    . . .        f - +0 scale mail
rPois   .            (helmet restricted)
rElec   .            q - scarf {rC+ rF+}
rCorr   .            k - +1 pair of gloves
SInv    .            (no boots)
Will    ++...        (amulet unavailable) Stlth
                     (ring unavailable)
HPRegen 1.37/turn    (ring unavailable)
MPRegen 0.12/turn    (no gizmo)

%: no passive effects
@: berserking (expiring), strong-willed, regenerating, lightly drained, revving,
very quick
A: off-hand wielding, slow wielding, warmup strikes, no jewellery, beak,
iridescent scales 1, dopey 1
a: Invent Gizmo, Renounce Religion, Berserk, Trog's Hand


You were on level 8 of the Dungeon.
You worshipped Trog.
Trog was most pleased with you.
You visited 1 branch of the dungeon, and saw 8 of its levels.

You collected 348 gold pieces.
You spent 176 gold pieces at shops.

Inventory:

Hand Weapons
 a - a +0 falchion {Armando}
 c - a +0 dagger {Daeho}
 e - a +1 short sword of venom {Suthep}
 p - a +1 short sword of speed (offhand) {Hilda}
 C - a +2 falchion (weapon) {Paser}
Missiles
 o - a throwing net (quivered)
Armour
 b - a +0 animal skin
 f - a +0 scale mail (worn)
 h - a +0 cloak
 k - a +1 pair of gloves (worn)
 q - a scarf of resistance (worn)
Scrolls
 i - 3 scrolls of revelation
 j - 2 scrolls of fog
 l - a scroll of torment
 m - 4 scrolls of summoning
 t - a scroll of noise
 u - 2 scrolls of teleportation
 x - 2 scrolls of identify
 y - a scroll of vulnerability {unknown}
Potions
 d - 2 potions of magic
 g - 2 potions of mutation
 n - 3 potions of enlightenment {unknown}
 r - 2 potions of haste
 s - 2 potions of lignification {unknown}
 v - 2 potions of invisibility {unknown}
 w - 2 potions of attraction {unknown}
 z - 3 potions of heal wounds {unknown}
 A - a potion of might {unknown}
 B - a potion of brilliance {unknown}
 D - 2 potions of berserk rage {unknown}


   Skills:
 - Level 3.0 Fighting
 + Level 14.3 Long Blades
 - Level 1.7 Armour
 - Level 1.7 Dodging


You had 9 spell levels left.
You didn't know any spells.
Your spell library was empty.

Dungeon Overview and Level Annotations

Branches:
Dungeon (8/15)             Temple (0/1) D:7
   Lair: D:8-11

Altars:
Ashenzari
Dithmenos
Fedhas
Nemelex Xobeh
Vehumet
Xom
Yredelemnul

Shops:
D:4 [(   D:5 :


Innate Abilities, Weirdness & Mutations

You can wield a second weapon in your off-hand.
It takes a long time for you to wield or remove held weapons.
Your first few attacks do less damage.
You cannot equip rings or amulets.
You have a beak for a mouth.
You are partially covered in iridescent scales. (AC +2)
You are dopey. (Int -2)


Message History

You barely miss the wight with your +2 falchion.
You peck the wight.
The wight is moderately damaged.
You puncture the wight with your +1 short sword of speed!
You barely miss the wight with your +1 short sword of speed.
You peck the wight.
You destroy the wight!
Trog accepts your kill.
Your life force feels restored.
You slice the orc with your +2 falchion!!
You kill the orc!
Trog accepts your kill.
You barely miss the orc wizard with your +2 falchion.
You peck the orc wizard!
The orc wizard is almost dead.
You puncture the orc wizard with your +1 short sword of speed!
You kill the orc wizard!
Trog accepts your kill.
Trog appreciates your killing of a magic user.
The wight hits you from afar with a +0 halberd!
* * * LOW HITPOINT WARNING * * *
You feel drained.
* * * LOW HITPOINT WARNING * * *
The wight closely misses you.
Items here: )))) [[[.
You puncture the wight with your +1 short sword of speed!
The wight is heavily damaged.
You closely miss the wight with your +2 falchion.
Something hits you.
* * * LOW HITPOINT WARNING * * *
Unknown command.
You puncture the wight with your +1 short sword of speed!
You peck the wight.
You destroy the wight!
Trog accepts your kill.
You barely miss something with your +1 short sword of speed.
You peck something.
You hit something with your +2 falchion.
The wight hits you from afar with a +0 halberd!
You die...

#######'##...#.).#......P...
#.......#...#####.....%...P
#.......+......#......P..P.
#.......#.....##..........P
#.......#...###..........P.
#.......#.###.............P
#.......'........
#.......#.#######
######+##)@)...^#
.........#####/#
........z...$#
.............#
.............#
.............#
#####+####..... ..... .....


You could see a wight.

Vanquished Creatures
  2 komodo dragons (D:8)
  Edmund (D:6)
  A water moccasin (D:6)
  2 black bears
  2 ice beasts (D:6)
  2 sky beasts (D:7)
  An orc warrior (D:7)
  4 ogres
  A centaur (D:7)
  A phantom (D:5)
  2 bullfrogs
  7 scorpions
  8 wights
  4 crimson imps (D:4)
  6 hounds
  A jelly (D:6)
  An orc priest (D:7)
  5 iguanas
  2 orc wizards
  Robin (D:2)
  3 gnolls (D:6)
  9 adders
  2 shadow imps
  4 ufetubi (D:6)
  3 dart slugs
  2 ribbon worms (D:3)
  10 orcs
  7 endoplasms
  4 giant cockroaches
  12 goblins
  10 hobgoblins
  4 jackals
  3 quokkas
  6 ball pythons
  5 bats
  A frilled lizard (D:1)
  7 kobolds
  6 rats
152 creatures vanquished.

Notes
Turn   | Place    | Note
-------+----------+-------------------------------------------
     0 | D:1      | Dordric the Coglin Berserker began the quest for the Orb.
     0 | D:1      | Reached XP level 1. HP: 18/18 MP: 1/1
   176 | D:1      | Reached XP level 2. HP: 20/24 MP: 2/2
   178 | D:1      | Found a faded altar of an unknown god.
   316 | D:1      | Reached skill level 4 in Long Blades
   374 | D:1      | Reached XP level 3. HP: 29/29 MP: 3/3
   731 | D:2      | Found a sparkling altar of Nemelex Xobeh.
   750 | D:2      | Noticed Robin
   761 | D:2      | Killed Robin
   762 | D:2      | Reached ** piety under Trog
   868 | D:2      | Reached XP level 4. HP: 35/35 MP: 4/4
  1021 | D:2      | Reached skill level 5 in Long Blades
  1496 | D:3      | Gained mutation: You are dopey. (Int -2) [potion of
                  | mutation]
  1496 | D:3      | Gained mutation: You are partially covered in iridescent
                  | scales. (AC +2) [potion of mutation]
  1496 | D:3      | Gained mutation: You have a beak for a mouth. [potion of
                  | mutation]
  1531 | D:3      | Reached XP level 5. HP: 34/41 MP: 5/5
  1665 | D:3      | You fall into a shaft and drop 3 floors!
  1666 | D:6      | Found a radiant altar of Vehumet.
  1720 | D:6      | Noticed an ice beast
  1732 | D:6      | Killed an ice beast
  1733 | D:6      | Reached skill level 6 in Long Blades
  1791 | D:6      | Noticed a black bear
  1802 | D:6      | Killed a black bear
  1803 | D:6      | Reached skill level 7 in Long Blades
  1803 | D:6      | Reached XP level 6. HP: 47/47 MP: 6/6
  1838 | D:6      | Found a blossoming altar of Fedhas.
  2041 | D:6      | Found a shadowy altar of Dithmenos.
  2098 | D:6      | Noticed an ice beast
  2103 | D:5      | Entered Level 5 of the Dungeon
  2159 | D:4      | Reached XP level 7. HP: 41/52 MP: 7/7
  2275 | D:4      | Identified the +0 scale mail of Puskyv {Will++ MP+9 Dex+3}
  2343 | D:4      | Found Quinuoh's Armour Boutique.
  2382 | D:4      | Found a shimmering altar of Xom.
  2400 | D:4      | Reached skill level 8 in Long Blades
  3294 | D:4      | Found Miceripn's Weapon Shoppe.
  3310 | D:4      | Reached *** piety under Trog
  3544 | D:5      | Reached skill level 9 in Long Blades
  3587 | D:5      | Reached XP level 8. HP: 58/58 MP: 8/8
  3732 | D:5      | Found Wiklor's Book Shoppe.
  3769 | D:5      | Reached skill level 10 in Long Blades
  4107 | D:4      | Bought a +1 short sword of speed for 176 gold pieces
  4425 | D:6      | Noticed Edmund
  4443 | D:6      | Killed Edmund
  4893 | D:6      | Reached skill level 11 in Long Blades
  5142 | D:6      | Reached XP level 9. HP: 57/63 MP: 9/9
  5381 | D:7      | Reached skill level 12 in Long Blades
  5825 | D:7      | Found a basalt altar of Yredelemnul.
  6220 | D:7      | Found a staircase to the Ecumenical Temple.
  6402 | D:7      | Reached skill level 13 in Long Blades
  6790 | D:8      | Noticed a komodo dragon
  6792 | D:8      | Noticed a komodo dragon
  6800 | D:8      | Killed a komodo dragon
  6805 | D:8      | Killed a komodo dragon
  6806 | D:8      | Reached skill level 14 in Long Blades
  6806 | D:8      | Reached XP level 10. HP: 70/70 MP: 10/10
  6827 | D:8      | Found a broken altar of Ashenzari.
  6910 | D:8      | Mangled by a wight

Illustrated notes

Levels and vault maps discovered:
D:1:      lemuel_arrival_rhombus, layout_loops_ring,
          shapermc_ecumenical_altar_acropolis
D:2:      layout_loops_cross, basic_altar, uniq_robin
D:3:      layout_loops_cross
D:4:      layout_loops_cross, led_xom_imps, serial_shops, shop, shop
D:5:      layout_loops_cross, serial_shops, shop, chequers_jeans,
          nicolae_concentric_dashed_squares_mild
D:6:      layout_loops_corners, grunt_dithmenos_shadows,
          mainiacjoe_overflow_24_doors, old_standard_altar,
          serial_bayou_crossing, uniq_edmund
D:7:      layout_loops_corners, mainiacjoe_overflow_catwalk,
          minmay_temple_entry_overgrown
D:8:      layout_gridville, nicolae_ashenzari_skybound,
          mainiacjoe_overflow_small_starburst, general_overflow_altar,
          grunt_lair_entry_orc_guard_hut, enter_bailey_5, corner_web_ring,
          david_defended_altar_orc, uniq_pikel

Skill      XL: |  1  2  3  4  5  6  7  8  9 |
---------------+----------------------------+-----
Long Blades    | 4 5 7 9 11 14 | 14.3
Fighting       | |  3.0
Armour         | |  1.7
Dodging        | |  1.7

Action                     |  1- 3 |  4- 6 |  7- 9 | 10-12 || total
---------------------------+-------+-------+-------+-------++-------
  Melee: Falchion          |    51 |    79 |   116 |    14 ||   260
         Short sword       |    51 |    81 |   559 |    13 ||   704
         Dagger            |     2 |       |       |       ||     2
         Peck              |       |     6 |    90 |     7 ||   103
 Invoke: Berserk           |     1 |     2 |     1 |     1 ||     5
         Trog's Hand       |       |     1 |     1 |     1 ||     3
    Use: Scroll            |       |     3 |     5 |       ||     8
         Potion            |       |     1 |       |       ||     1
   Stab: Sleeping          |     1 |       |       |       ||     1
 Armour: Scale mail        |    53 |    51 |   178 |    17 ||   299
         Animal skin       |     2 |       |       |       ||     2
  Dodge: Dodged            |    43 |    37 |   100 |     6 ||   186

Table legend: (Time is in decaauts)
 A = Elapsed time spent in this place.
 B = Non-inter-level travel time spent in this place.
 C = Inter-level travel time spent in this place.
 D = Time resting spent in this place.
 E = Time spent auto-exploring this place.
 F = Levels seen in this place.
 G = Mean time per level.
                   A        B        C        D        E       F      G
               +--------+--------+--------+--------+--------+-----+--------+
         Total |   6808 |   6573 |    235 |     89 |   5501 |   8 |  851.0 |
       Dungeon |   6808 |   6573 |    235 |     89 |   5501 |   8 |  851.0 |
               +--------+--------+--------+--------+--------+-----+--------+

Top non-repeatable levels by time:
     D:7: 1390 daAuts
     D:6: 1289 daAuts
     D:5: 928 daAuts
     D:4: 822 daAuts
     D:3: 742 daAuts
     D:2: 736 daAuts
     D:1: 715 daAuts
     D:8: 183 daAuts
